[Event "Team 45 45 League T44"]
[Site "Internet Chess Club"]
[Date "2010.02.07"]
[Round "1"]
[White "Shiri2000"]
[Black "dabodhi"]
[Result "1/2-1/2"]
[WhiteElo "1438"]
[BlackElo "1220"]
[Opening "Sicilian: Hungarian variation"]
[ECO "B27"]
[Time "14:00:20"]
[TimeControl "2700+45"]

1. e4 c5 2. Nf3 g6 3. Nc3 Nc6 4. Bb5 Bg7 5. Bxc6 bxc6 6. O-O e6 7. d3 Nf6 8. Bg5
h6 9. Bxf6 Bxf6 10. e5 Bg7 11. Ne4 O-O 12. Nxc5 d6 13. exd6 Qxd6 14. Ne4 Qb4 15.
Rb1 c5 16. a3 Qb6 {Game drawn by mutual agreement} 1/2-1/2

[Event "Team 45 45 League T44"]
[Site "Internet Chess Club"]
[Date "2010.02.06"]
[Round "1"]
[White "Tamarin"]
[Black "bajerk"]
[Result "1-0"]
[WhiteElo "1489"]
[BlackElo "1338"]
[Opening "QGA: 3.e4"]
[ECO "D20"]
[Time "01:30:08"]
[TimeControl "2700+45"]

1. d4 d5 2. c4 dxc4 3. e4 e6 4. Nc3 h6 5. Bxc4 a6 6. Nf3 Nf6 7. e5 Nd5 8. O-O b5
9. Bd3 c5 10. Nxd5 Qxd5 11. Re1 Ra7 12. Be4 Qd8 13. Be3 c4 14. d5 Rd7 15. d6
Bxd6 16. exd6 Rxd6 17. Qc2 f6 18. Bc5 Rd7 19. Bg6+ Rf7 20. Qf5 e5 21. Rxe5+
{Black resigns} 1-0

[Event "Team 45 45 League T44"]
[Site "Internet Chess Club"]
[Date "2010.02.06"]
[Round "1"]
[White "MeansToAnEnd"]
[Black "aapt"]
[Result "1/2-1/2"]
[WhiteElo "1126"]
[BlackElo "1403"]
[Opening "Sicilian defense"]
[ECO "B40"]
[Time "14:00:26"]
[TimeControl "2700+45"]

1. e4 c5 2. Nf3 e6 3. Nc3 a6 4. a4 d6 5. Bc4 Be7 6. d3 e5 7. Nd5 Nf6 8. Nxf6+
Bxf6 9. O-O O-O 10. Be3 Bg4 11. Bd5 Ra7 12. h3 Bxf3 13. Qxf3 Nc6 14. c3 Ne7 15.
c4 Nxd5 16. cxd5 Bg5 17. Bxg5 Qxg5 18. Rab1 f5 19. b3 fxe4 20. Qxe4 b6 21. b4
Raf7 22. bxc5 Rf4 23. Qe3 R8f6 24. cxb6 Qg6 25. b7 h6 26. b8=R+ Kh7 27. Qg3 Qh5
28. R1b7 Rg6 29. Qe3 Rf3 30. Qe4 Rf4 31. Qe3 Rf3 {Game drawn by mutual
agreement} 1/2-1/2

[Event "Team 45 45 League T44"]
[Site "Internet Chess Club"]
[Date "2010.02.08"]
[Round "1"]
[White "chess92192"]
[Black "HumanTornado"]
[Result "1/2-1/2"]
[WhiteElo "1954"]
[BlackElo "1905"]
[Opening "QGD: Cambridge Springs defense, Yugoslav variation"]
[ECO "D52"]
[Time "20:02:53"]
[TimeControl "2700+45"]

1. d4 d5 2. c4 e6 3. Nc3 c6 4. Nf3 Nf6 5. Bg5 Nbd7 6. e3 Qa5 7. cxd5 Nxd5 8. Qd2
Bb4 9. Rc1 h6 10. Bh4 c5 11. Bd3 cxd4 12. exd4 O-O 13. O-O Bd6 14. Rfe1 Bf4 15.
Qc2 Bxc1 16. Rxc1 Nb4 17. Bh7+ Kh8 18. Qb1 f5 19. Bg6 Nf6 20. Ne5 Kg8 21. Nc4
Qa6 22. b3 Nbd5 23. Nxd5 Nxd5 24. Bg3 Bd7 25. Be5 Be8 26. Bxe8 Raxe8 27. Nd6 Rd8
28. Nc4 Rf7 29. h3 Rfd7 30. Kh2 Nb4 31. a3 Nc6 32. Re1 Nxe5 33. dxe5 Rd5 34. Qb2
Qc6 35. Nd6 Rxe5 36. Rxe5 Qxd6 37. Qe2 Kf7 38. g3 Kf6 39. Rb5 b6 40. Rb4 Qd2 41.
Qf3 Rd3 42. Qg2 Qe2 43. a4 Rf3 44. Rf4 Rxb3 45. Qa8 Kg6 46. Qe8+ Kh7 47. Rxf5
Rf3 48. Rxf3 Qxf3 49. Kg1 Qf5 50. h4 Qe4 51. Qd7 a6 52. Kh2 Qd5 53. Qa7 Qc5 54.
Kg1 a5 55. Qd7 Qd5 56. Qe8 e5 57. h5 Qe4 58. Kh2 Qf5 59. Kg2 e4 60. Kg1 Qf3 61.
Qg6+ Kg8 62. Qe8+ Kh7 {Game drawn by mutual agreement} 1/2-1/2

[Event "Team 45 45 League T44"]
[Site "Internet Chess Club"]
[Date "2010.02.10"]
[Round "1"]
[White "ghostfire"]
[Black "hewdondada"]
[Result "0-1"]
[WhiteElo "1765"]
[BlackElo "1799"]
[Opening "QGD Slav: Wiesbaden variation"]
[ECO "D17"]
[Time "21:05:37"]
[TimeControl "2700+45"]

1. d4 d5 2. c4 c6 3. Nf3 Nf6 4. Nc3 dxc4 5. a4 Bf5 6. Ne5 e6 7. Nxc4 Qc7 8. g3
Bd6 9. Nxd6+ Qxd6 10. Bf4 Qe7 11. Bg2 Nbd7 12. e4 Bg6 13. O-O e5 14. dxe5 Nxe5
15. Qd4 Nfd7 16. Rad1 O-O 17. Bxe5 Nxe5 18. f4 Ng4 19. h3 Rfd8 20. Qc4 Ne3 21.
Rxd8+ Rxd8 22. Qe2 Nxf1 23. Kxf1 f6 24. e5 Bd3 {White resigns} 0-1

[Event "Team 45 45 League T44"]
[Site "Internet Chess Club"]
[Date "2010.02.07"]
[Round "1"]
[White "mugurelt"]
[Black "Monsieur"]
[Result "1-0"]
[WhiteElo "1756"]
[BlackElo "1561"]
[Opening "English: symmetrical, four knights system"]
[ECO "A30"]
[Time "22:05:05"]
[TimeControl "2700+45"]

1. c4 c5 2. Nf3 Nc6 3. Nc3 Nf6 4. d4 cxd4 5. Nxd4 e5 6. Ndb5 d6 7. g3 a6 8. Na3
Bg4 9. Bg2 Rb8 10. Nc2 Be7 11. Ne3 Bd7 12. O-O b5 13. cxb5 axb5 14. Ncd5 h6 15.
Nxf6+ gxf6 16. Nd5 f5 17. e4 Nd4 18. Be3 Bf6 19. Bxd4 exd4 20. exf5 Bxf5 21.
Re1+ Be6 22. Bh3 Be5 23. Bxe6 fxe6 24. Nb4 O-O 25. Qg4+ Kh8 26. Qxe6 Rf6 27. Qg4
Qg8 28. Qxg8+ Rxg8 29. Nd3 Rf5 30. Rac1 h5 31. Nxe5 dxe5 32. Rc5 d3 33. Rd1 Rd8
34. Rxb5 Kg7 35. f4 Kf6 36. fxe5+ Rxe5 37. Rxe5 Kxe5 38. Rd2 Ke4 39. Kf2 Rf8+
40. Ke1 Ke3 41. Rg2 Ra8 42. b4 Kf3 43. Rd2 Re8+ 44. Kd1 Ke3 45. Rb2 Rf8 46. Ke1
Kd4 47. b5 Kc3 48. Rd2 Rf1+ 49. Kxf1 Kxd2 50. b6 Kc1 51. b7 d2 52. b8=Q d1=Q+
53. Kf2 Qd2+ 54. Kf3 Qd3+ 55. Kf4 Qd4+ 56. Kf5 Qg4+ 57. Kf6 Qd4+ 58. Qe5 Qd8+
59. Kf5 Qc8+ 60. Kg5 Qg8+ 61. Kxh5 Qxa2 62. Qe1+ {Black resigns} 1-0

[Event "Team 45 45 League T44"]
[Site "Internet Chess Club"]
[Date "2010.02.08"]
[Round "1"]
[White "Electryon"]
[Black "toukon"]
[Result "1/2-1/2"]
[WhiteElo "1403"]
[BlackElo "1473"]
[Opening "English, 1...Nf6 (Anglo-Indian defense)"]
[ECO "A15"]
[Time "19:04:05"]
[TimeControl "2700+45"]

1. c4 Nf6 2. g3 g6 3. Bg2 Bg7 4. Nc3 O-O 5. e4 d6 6. Nge2 e5 7. d3 c6 8. O-O a5
9. h3 Nbd7 10. Be3 Ne8 11. f4 exf4 12. Bxf4 Nc5 13. d4 Ne6 14. Be3 N6c7 15. Qd2
f5 16. Bh6 Nf6 17. Bxg7 Kxg7 18. exf5 Bxf5 19. Qg5 Nd7 20. Qxd8 Raxd8 21. Rae1
Rde8 22. b3 Bd3 23. Rxf8 Nxf8 24. Kf2 g5 25. Nc1 Bg6 26. Ne4 Bxe4 27. Rxe4 Rxe4
28. Bxe4 d5 29. Bf5 dxc4 30. bxc4 b5 31. Be4 bxc4 32. Bxc6 Kf7 33. Ne2 Ke6 34.
Nc3 Kd6 35. Bf3 Nfe6 36. Ke3 h6 37. Be2 Nd5+ 38. Nxd5 Kxd5 39. Bf3+ Kd6 40. a4
Nc7 41. h4 Nd5+ 42. Bxd5 Kxd5 43. hxg5 hxg5 44. g4 c3 45. Kd3 c2 46. Kxc2 Kxd4
47. Kb3 Ke4 48. Kc4 Kf4 49. Kb5 Kxg4 50. Kxa5 Kf4 51. Kb5 g4 52. a5 g3 53. a6 g2
54. a7 g1=Q 55. a8=Q Qb1+ 56. Kc5 {Game drawn by mutual agreement} 1/2-1/2

[Event "Team 45 45 League T44"]
[Site "Internet Chess Club"]
[Date "2010.02.05"]
[Round "1"]
[White "RamRock"]
[Black "j65536d"]
[Result "1-0"]
[WhiteElo "1769"]
[BlackElo "1812"]
[Opening "Sicilian: Smith-Morra gambit"]
[ECO "B21"]
[Time "21:09:19"]
[TimeControl "2700+45"]

1. e4 c5 2. d4 cxd4 3. c3 dxc3 4. Nxc3 Nc6 5. Nf3 d6 6. Bc4 Be6 7. Nd5 g6 8. Ng5
Bg7 9. Nxe6 fxe6 10. Nf4 Bh6 11. Nxe6 Qa5+ 12. Bd2 Bxd2+ 13. Qxd2 Qxd2+ 14. Kxd2
Kd7 15. Rac1 Nf6 16. f3 Rac8 17. a3 a6 18. b4 b5 19. Bb3 Ne5 20. Nd4 Nc4+ 21.
Kd3 e5 22. Ne2 Nb2+ 23. Kd2 Rc6 24. Rxc6 Kxc6 25. Rc1+ Kb7 26. Rc2 Na4 27. Bxa4
bxa4 28. Nc3 Nh5 29. Nxa4 Nf4 30. Ke3 Rc8 31. Rxc8 Kxc8 32. g3 Ne6 33. Kd3 Nd4
34. f4 Nb5 35. fxe5 dxe5 36. Nb6+ Kd8 37. Nc4 Ke7 38. a4 Nc7 39. Nxe5 Ke6 40.
Nf3 h6 41. Kc4 Kd6 42. Nh4 {Black resigns} 1-0

[Event "Team 45 45 League T44"]
[Site "Internet Chess Club"]
[Date "2010.02.04"]
[Round "1"]
[White "Chess2Play"]
[Black "winerum"]
[Result "1-0"]
[WhiteElo "1719"]
[BlackElo "1669"]
[Opening "QGD Slav defense"]
[ECO "D10"]
[Time "22:02:03"]
[TimeControl "2700+45"]

1. d4 d5 2. c4 c6 3. Nc3 Nf6 4. e3 Bf5 5. cxd5 cxd5 6. Qb3 Bc8 7. Nf3 e6 8. Bb5+
Nbd7 9. Ne5 a6 10. Bxd7+ Nxd7 11. Nxd7 Qxd7 12. O-O Bd6 13. e4 dxe4 14. Nxe4 Be7
15. Rd1 O-O 16. Bf4 b5 17. Rac1 Qd5 18. Qxd5 exd5 19. Nc5 Bf6 20. Be5 Be7 21.
Re1 Bg5 22. f4 Bd8 23. Bd6 Ba5 24. Bxf8 Bxe1 25. Rxe1 Kxf8 26. Re5 Ra7 27. Rxd5
Be6 28. Nxe6+ fxe6 29. Re5 Kf7 30. f5 exf5 31. Rxf5+ Ke6 32. Re5+ Kd6 33. Kf2
Rc7 34. Re2 Kd5 35. Rd2 Ke4 36. d5 Rf7+ 37. Ke2 Rd7 38. d6 Ke5 39. Ke3 Ke6 40.
Ke4 Rxd6 41. Rxd6+ Kxd6 42. Kd4 Kc6 43. b4 Kd6 44. Ke4 Ke6 45. Kd4 Kd6 46. g4 g5
47. h3 h6 48. a3 Kc6 49. Ke5 Kd7 50. Kf6 Kd6 51. Kg6 Ke6 52. Kxh6 Kf6 53. Kh5
Ke5 54. Kxg5 Ke6 55. Kg6 Ke5 56. h4 Kf4 57. h5 {Black resigns} 1-0

[Event "Team 45 45 League T44"]
[Site "Internet Chess Club"]
[Date "2010.02.07"]
[Round "1"]
[White "jps7"]
[Black "az2112"]
[Result "1-0"]
[WhiteElo "1646"]
[BlackElo "1716"]
[Opening "Queen's pawn game"]
[ECO "D04"]
[Time "12:02:31"]
[TimeControl "2700+45"]

1. d4 Nf6 2. Nf3 d5 3. e3 c5 4. b3 e6 5. Bb2 Nc6 6. a3 Be7 7. Bd3 O-O 8. O-O b6
9. Nbd2 Bb7 10. Ne5 Rc8 11. Rc1 cxd4 12. exd4 Nd7 13. f4 f6 14. Nxd7 Qxd7 15.
Qe2 Bd6 16. Rce1 Rce8 17. Qh5 g6 18. Qh6 Qg7 19. Qh3 e5 20. dxe5 fxe5 21. fxe5
Rxf1+ 22. Nxf1 Bxe5 23. Bxe5 Rxe5 24. Rxe5 Qxe5 25. Qe3 d4 26. Qxe5 Nxe5 27. Be2
Be4 28. Bd1 d3 29. c4 Kf7 30. Nd2 Bf5 31. h3 Ke6 32. g4 Kd6 33. gxf5 gxf5 34.
Kf2 f4 35. Nf3 Nc6 36. Nd2 Ne5 37. Bf3 Kc5 38. Be4 h6 39. b4+ Kd4 40. Bd5 Kc3
41. Ke1 Kc2 42. c5 bxc5 43. bxc5 f3 44. Bxf3 Kb2 45. c6 Nxc6 46. Bxc6 Kxa3 47.
Be4 Kb4 48. Bxd3 a5 49. Bg6 a4 50. Bf7 a3 51. Nf3 Kc3 52. Nh4 Kb2 53. Nf5 h5 54.
h4 Kc3 55. Ng7 Kd4 56. Nxh5 Ke5 57. Kf2 Kf5 58. Kg3 a2 59. Bxa2 Kg6 60. Nf4+ Kh6
61. Kg4 Kg7 62. Nd5 Kh6 63. Nf4 Kg7 64. Ne6+ Kh6 65. Nd8 Kg6 66. Nf7 Kh7 67. Kg5
Kg7 68. h5 Kh7 69. h6 Kg8 70. Kg6 {Black resigns} 1-0

[Event "Team 45 45 League T44"]
[Site "Internet Chess Club"]
[Date "2010.02.05"]
[Round "1"]
[White "Andressa"]
[Black "tammany"]
[Result "0-1"]
[WhiteElo "1525"]
[BlackElo "1782"]
[Opening "Sicilian: closed"]
[ECO "B23"]
[Time "17:00:10"]
[TimeControl "2700+45"]

1. e4 c5 2. Nc3 e6 3. Nf3 a6 4. Be2 Nc6 5. d4 cxd4 6. Nxd4 Qc7 7. Nxc6 Qxc6 8.
Bf3 Bb4 9. Qd4 Bf8 10. e5 Qc7 11. Be3 Ne7 12. Qc5 Nc6 13. Qc4 Qxe5 14. O-O b5
15. Qd3 Bd6 16. g3 Be7 17. Bf4 Qf6 18. b3 d5 19. a3 O-O 20. Ne2 Ne5 21. Qe3
Nxf3+ 22. Qxf3 Bb7 23. Qe3 Rac8 24. Be5 Qf5 25. Nd4 Qg6 26. Rac1 Bc5 27. b4 Bb6
28. c3 Rc4 29. Qd2 Rfc8 30. Ne2 d4 31. Nxd4 Qe4 32. f4 Qh1+ 33. Kf2 Qxh2+ 34.
Ke1 Qxg3+ 35. Kd1 Rxc3 36. Rxc3 Rxc3 37. Ne2 Qh3 38. Bxc3 Qxf1+ 39. Kc2 Be4+ 40.
Kb2 Qb1# {White checkmated} 0-1

[Event "Team 45 45 League T44"]
[Site "Internet Chess Club"]
[Date "2010.02.07"]
[Round "1"]
[White "Zornorph"]
[Black "Ser-Enigma"]
[Result "0-1"]
[WhiteElo "2071"]
[BlackElo "2141"]
[Opening "Queen's pawn game"]
[ECO "D04"]
[Time "14:01:23"]
[TimeControl "2700+45"]

1. d4 Nf6 2. Nf3 d5 3. e3 c5 4. c4 e6 5. Nc3 Nc6 6. Be2 a6 7. O-O dxc4 8. Bxc4
b5 9. Bb3 c4 10. Bc2 Bb7 11. Re1 Bb4 12. e4 Qc7 13. e5 Nd5 14. Nxd5 exd5 15. Bd2
Be7 16. Rc1 Bc8 17. h3 h6 18. Bb1 b4 19. Bf4 g5 20. Bg3 Be6 21. Qa4 Qb6 22. Rcd1
O-O-O 23. Qc2 Kb7 24. Qd2 Rdg8 25. Qe3 Ka7 26. Kf1 Na5 27. Kg1 Rc8 28. Bc2 b3
29. axb3 Nxb3 30. Bxb3 Qxb3 31. Qc1 Rb8 32. Re2 Rb6 33. Red2 g4 34. hxg4 Bxg4
35. Qc3 Bg5 36. Rc2 Bf5 37. Nxg5 Bxc2 38. Rc1 Qxc3 39. bxc3 hxg5 40. Rxc2 Rb1+
{White resigns} 0-1

[Event "Team 45 45 League T44"]
[Site "Internet Chess Club"]
[Date "2010.02.07"]
[Round "1"]
[White "mcplayerus"]
[Black "imgr8"]
[Result "0-1"]
[WhiteElo "2015"]
[BlackElo "2011"]
[Opening "English: symmetrical, Benoni formation"]
[ECO "A31"]
[Time "14:01:24"]
[TimeControl "2700+45"]

1. d4 Nf6 2. c4 c5 3. Nf3 cxd4 4. Nxd4 e5 5. Nc2 d5 6. e3 Nc6 7. cxd5 Qxd5 8.
Qxd5 Nxd5 9. a3 Be6 10. b4 Rc8 11. Bb2 Ncxb4 12. Nxb4 Nxb4 13. axb4 Bxb4+ 14.
Nd2 Rc2 15. Bc1 Bc3 16. Rb1 O-O 17. Bd3 Ra2 18. f3 b6 19. g4 Rd8 20. Ke2 e4 21.
Bxe4 Bxd2 22. Rb2 Bc4+ 23. Kf2 Rxb2 24. Bxb2 b5 25. Ra1 a5 26. Bd4 a4 27. h4 Rc8
28. g5 Bb3 29. h5 Rc1 30. Ke2 Rxa1 31. Bxa1 Bc1 32. Kd3 b4 33. h6 gxh6 34. gxh6
a3 35. f4 Bb2 36. Bxb2 axb2 37. Kd4 Ba2 38. Kc5 b3 39. Kb4 b1=Q 40. Bxb1 Bxb1
41. Kxb3 f5 {White resigns} 0-1

[Event "Team 45 45 League T44"]
[Site "Internet Chess Club"]
[Date "2010.02.05"]
[Round "1"]
[White "Knight77"]
[Black "AronT"]
[Result "1-0"]
[WhiteElo "1964"]
[BlackElo "2023"]
[Opening "Réti opening"]
[ECO "A05"]
[Time "21:14:26"]
[TimeControl "2700+45"]

1. Nf3 Nf6 2. g3 e6 3. d3 d5 4. Bg2 Bd6 5. O-O O-O 6. Nbd2 c5 7. e4 Nc6 8. Re1
Qc7 9. Qe2 Nd7 10. Nf1 d4 11. h4 e5 12. N1h2 Rb8 13. h5 Re8 14. h6 g6 15. Ng4
Bf8 16. Bg5 Qd6 17. Nd2 b5 18. a4 a6 19. axb5 axb5 20. Qf3 Be7 21. Bxe7 Qxe7 22.
c4 Nb4 23. Ra7 Bb7 24. cxb5 f5 25. Nh2 Qg5 26. Nc4 Rf8 27. Qe2 f4 28. gxf4 Qxf4
29. Rd1 Bc8 30. Ng4 Rb7 31. Rxb7 Bxb7 32. Ra1 Nxd3 33. Qxd3 Qxg4 34. Nd6 Qf4 35.
Qh3 Qxf2+ 36. Kh1 Qxb2 37. Qxd7 Qxa1+ 38. Kh2 Qg1+ 39. Kxg1 {Black resigns} 1-0

[Event "Team 45 45 League T44"]
[Site "Internet Chess Club"]
[Date "2010.02.04"]
[Round "1"]
[White "smitty120"]
[Black "whale5970"]
[Result "0-1"]
[WhiteElo "1946"]
[BlackElo "1715"]
[Opening "Sicilian: Kan, 5.Nc3"]
[ECO "B43"]
[Time "14:04:22"]
[TimeControl "2700+45"]

1. e4 c5 2. Nf3 e6 3. d4 cxd4 4. Nxd4 a6 5. Nc3 b5 6. a3 Bb7 7. Be3 Nf6 8. Bd3
b4 9. axb4 Bxb4 10. f3 Bxc3+ 11. bxc3 Nc6 12. O-O Qc7 13. Qe1 O-O 14. Qh4 Ne7
15. Ne2 Ng6 16. Qf2 d5 17. Rab1 dxe4 18. fxe4 Ng4 19. Qf3 Qxh2# {White
checkmated} 0-1

[Event "Team 45 45 League T44"]
[Site "Internet Chess Club"]
[Date "2010.02.07"]
[Round "1"]
[White "Merciful"]
[Black "QueensCounselor"]
[Result "0-1"]
[WhiteElo "2166"]
[BlackElo "2106"]
[Opening "Petrov: Nimzovich attack"]
[ECO "C42"]
[Time "10:16:14"]
[TimeControl "2700+45"]

1. e4 e5 2. Nf3 Nf6 3. Nxe5 d6 4. Nf3 Nxe4 5. Nc3 Nxc3 6. dxc3 Be7 7. Be3 O-O 8.
Qd2 Nc6 9. O-O-O Ne5 10. Kb1 Re8 11. Be2 Be6 12. Nd4 Nc4 13. Qd3 Bd5 14. Nf5 c6
15. Bd4 Bf6 16. Bxf6 Qxf6 17. Ng3 Qxf2 18. Rhf1 Qxg2 19. Rg1 Qf2 20. Nh5 g6 21.
Rdf1 Qxe2 22. Nf6+ Kg7 23. Qd4 Re5 24. Ka1 Ne3 25. Qh4 Nxf1 26. Qxh7+ Kxf6
{White resigns} 0-1

[Event "Team 45 45 League T44"]
[Site "Internet Chess Club"]
[Date "2010.02.08"]
[Round "1"]
[White "PRS74"]
[Black "fledermaus"]
[Result "1/2-1/2"]
[WhiteElo "1841"]
[BlackElo "1925"]
[Opening "Richter-Veresov attack"]
[ECO "D01"]
[Time "20:00:28"]
[TimeControl "2700+45"]

1. d4 d5 2. Nc3 Nf6 3. Bg5 Nbd7 4. Qd2 c6 5. f3 Qa5 6. e4 dxe4 7. Nxe4 Qxd2+ 8.
Bxd2 e6 9. Bd3 Be7 10. Ne2 b6 11. O-O-O Bb7 12. N2c3 O-O 13. Rhe1 Rfd8 14. Be3
Rac8 15. Kb1 Kf8 16. Bf4 Nd5 17. Nxd5 cxd5 18. Nd6 Bxd6 19. Bxd6+ Kg8 20. Be7
Re8 21. Bd6 Red8 22. Be7 {Game drawn by mutual agreement} 1/2-1/2

[Event "Team 45 45 League T44"]
[Site "Internet Chess Club"]
[Date "2010.02.06"]
[Round "1"]
[White "whitetiger"]
[Black "GreatBendini"]
[Result "1-0"]
[WhiteElo "1901"]
[BlackElo "1802"]
[Opening "Scandinavian defense"]
[ECO "B01"]
[Time "19:58:48"]
[TimeControl "2700+45"]

1. e4 d5 2. exd5 Nf6 3. Nf3 Nxd5 4. d4 Bg4 5. Be2 e6 6. O-O Be7 7. c4 Nf6 8. h3
Bh5 9. Nc3 O-O 10. Bf4 c6 11. Qd2 Nbd7 12. Rad1 Bxf3 13. Bxf3 Nb6 14. b3 Bb4 15.
Qb2 Qe7 16. Bg5 h6 17. Bh4 Bxc3 18. Qxc3 Rad8 19. Rfe1 Rfe8 20. d5 g5 21. d6
Rxd6 22. Rxd6 Qxd6 23. Qxf6 gxh4 24. Qxh6 Qe7 25. Be4 Qb4 26. Bh7+ Kh8 27. Bg6+
Kg8 28. Qh7+ {Black resigns} 1-0

[Event "Team 45 45 League T44"]
[Site "Internet Chess Club"]
[Date "2010.02.07"]
[Round "1"]
[White "jericho121"]
[Black "ElmerHo"]
[Result "0-1"]
[WhiteElo "1508"]
[BlackElo "1527"]
[Opening "Ruy Lopez: Berlin defense, open variation"]
[ECO "C67"]
[Time "16:09:08"]
[TimeControl "2700+45"]

1. e4 e5 2. Nf3 Nc6 3. Bb5 Nf6 4. O-O Nxe4 5. Re1 Nd6 6. Bxc6 dxc6 7. Nxe5 Be7
8. b3 O-O 9. Bb2 Bf6 10. Nc3 Re8 11. Nf3 Bg4 12. h3 Rxe1+ 13. Qxe1 Bxf3 14. gxf3
Qd7 15. Qf1 Re8 16. Kg2 Qf5 17. d3 Qg5+ 18. Kh1 Qf4 19. Qg2 Nf5 20. Nd5 cxd5 21.
Bxf6 g6 22. Bc3 Nh4 23. Qg4 Qxf3+ 24. Qxf3 Nxf3 25. Kg2 Nh4+ 26. Kg3 Nf5+ 27.
Kg4 d4 28. Bb4 Re2 29. Re1 Rxf2 30. Re8+ Kg7 31. Bf8+ Kf6 32. Ra8 h5# {White
checkmated} 0-1

[Event "Team 45 45 League T44"]
[Site "Internet Chess Club"]
[Date "2010.02.06"]
[Round "1"]
[White "houseofcook"]
[Black "scottrugby"]
[Result "0-1"]
[WhiteElo "1442"]
[BlackElo "1580"]
[Opening "Sicilian: Alapin's variation (2.c3)"]
[ECO "B22"]
[Time "11:00:11"]
[TimeControl "2700+45"]

1. e4 c5 2. c3 g6 3. d4 cxd4 4. cxd4 d5 5. Nc3 dxe4 6. Nxe4 Bg7 7. Be3 Nf6 8.
Nxf6+ Bxf6 9. h3 Qa5+ 10. Bd2 Qb6 11. Bc3 O-O 12. Nf3 Nc6 13. Qa4 a6 14. Rd1 Bd7
15. Qc2 Rfd8 16. Be2 Bf5 17. Qb3 Qxb3 18. axb3 Bc2 19. Rd2 Bxb3 20. O-O b5 21.
Rd3 Bc4 22. Rd2 Bxe2 23. Rxe2 b4 24. d5 bxc3 25. dxc6 cxb2 26. c7 Rdc8 27. Rc2
Ra7 28. Rb1 Raxc7 29. Rcxb2 Rc1+ 30. Kh2 Bxb2 31. Rxb2 a5 32. Ra2 Ra8 33. Nd2 a4
34. Ne4 f5 35. Nd2 a3 36. Nb3 Rb1 37. Nd2 Rb2 38. Rxa3 Rxa3 39. Nc4 Raa2 40.
Nxb2 Rxb2 {White resigns} 0-1

[Event "Team 45 45 League T44"]
[Site "Internet Chess Club"]
[Date "2010.02.07"]
[Round "1"]
[White "Just-Jim"]
[Black "Zohan"]
[Result "0-1"]
[WhiteElo "1354"]
[BlackElo "1492"]
[Opening "Réti opening"]
[ECO "A05"]
[Time "15:00:15"]
[TimeControl "2700+45"]

1. Nf3 Nf6 2. Nc3 d5 3. d4 Nc6 4. h3 Bf5 5. a3 e6 6. Bf4 Bd6 7. Qd2 O-O 8. Nb5
Ne4 9. Qc1 a6 10. Nxd6 Nxd6 11. e3 Re8 12. Be2 Ne4 13. O-O Ne7 14. Nh4 Ng6 15.
Nxf5 Nxf4 16. f3 Nxe2+ 17. Kh2 Nxc1 18. fxe4 exf5 19. e5 Qg5 20. Rf3 f6 21. Rxc1
fxe5 22. Rg3 Qf6 23. Rf3 exd4 24. exd4 Re4 25. c3 Rae8 26. Rcf1 g6 27. g4 f4 28.
Rg1 Re2+ 29. Kh1 Re1 30. Rff1 Rxf1 31. Rxf1 Qh4 {White resigns} 0-1

[Event "Team 45 45 League T44"]
[Site "Internet Chess Club"]
[Date "2010.02.06"]
[Round "1"]
[White "JimGaming"]
[Black "OutofBook"]
[Result "0-1"]
[WhiteElo "1282"]
[BlackElo "1229"]
[Opening "Scotch gambit"]
[ECO "C44"]
[Time "14:00:46"]
[TimeControl "2700+45"]

1. e4 e5 2. Nf3 Nc6 3. d4 exd4 4. Bc4 Bc5 5. c3 dxc3 6. Qd5 Qe7 7. Nxc3 Nf6 8.
Bg5 Nxd5 9. Bxe7 Ndxe7 10. O-O O-O 11. a3 Bd4 12. Rad1 Bxc3 13. bxc3 d6 14. Rfe1
Bg4 15. Rb1 Bxf3 16. gxf3 Ne5 17. Be2 N7g6 18. Rxb7 c5 19. Reb1 Nf4 20. Kf1 Nxe2
21. Kxe2 h6 22. h4 Nc6 23. Rd7 Rfd8 24. Rbb7 Rxd7 25. Rxd7 Rd8 26. Rc7 Ne5 27.
Rxa7 Rb8 28. Ke3 Rb3 29. Kf4 Rxc3 30. Kg3 Rxf3+ 31. Kg2 Rf4 32. Re7 Rxh4 33. f3
Rf4 34. Rxe5 dxe5 35. Kf2 Rf6 36. Ke3 Ra6 37. f4 exf4+ 38. Kxf4 Rxa3 39. Ke5 c4
40. Kd6 c3 41. e5 c2 42. e6 fxe6 {White resigns} 0-1

[Event "Team 45 45 League T44"]
[Site "Internet Chess Club"]
[Date "2010.02.05"]
[Round "1"]
[White "arconia"]
[Black "medsurg"]
[Result "0-1"]
[WhiteElo "1342"]
[BlackElo "1391"]
[Opening "Inverted Hungarian"]
[ECO "C44"]
[Time "20:00:30"]
[TimeControl "2700+45"]

1. e4 e5 2. Nf3 Nc6 3. Be2 Nf6 4. d3 Bc5 5. O-O d6 6. c4 Ne7 7. Nc3 Ng6 8. a3 a6
9. b4 Ba7 10. Bb2 O-O 11. Nd5 Nxd5 12. cxd5 f5 13. Ne1 Qh4 14. Nf3 Qe7 15. Bc1
f4 16. d4 exd4 17. Bd3 Bg4 18. Ra2 Ne5 19. Be2 d3 20. Bxd3 Bxf3 21. gxf3 Qg5+
22. Kh1 Qh5 23. Be2 Rf6 24. Rg1 Bxf2 25. Rg2 Bb6 26. Bb2 Rd8 27. Bxe5 dxe5 28.
Rg4 Bf2 29. Bc4 b5 30. Bb3 Bb6 31. Rag2 Rg6 32. d6+ Kh8 33. Bf7 Rdxd6 34. Qb3
Qh6 35. Bxg6 hxg6 36. h4 c5 37. Qf7 Rd1+ 38. Kh2 c4 39. Qe8+ Kh7 40. Qxe5 Bd4
41. Qc7 c3 42. Rxf4 Rd2 43. Rg4 Rxg2+ 44. Kxg2 Qd2+ 45. Kh3 Qf2 46. Qg3 Qxg3+
47. Rxg3 c2 {White resigns} 0-1

[Event "Team 45 45 League T44"]
[Site "Internet Chess Club"]
[Date "2010.02.07"]
[Round "1"]
[White "fuzzface"]
[Black "FatTire"]
[Result "1-0"]
[WhiteElo "1413"]
[BlackElo "1347"]
[Opening "King's pawn game"]
[ECO "C50"]
[Time "11:00:22"]
[TimeControl "2700+45"]

1. e4 e5 2. Nf3 Nc6 3. Bc4 d6 4. d3 h6 5. Nc3 Nf6 6. h3 Be6 7. Bxe6 fxe6 8. O-O
d5 9. a3 Be7 10. Re1 O-O 11. exd5 exd5 12. Nxe5 d4 13. Nxc6 bxc6 14. Ne4 c5 15.
Nxf6+ Bxf6 16. Qg4 Bg5 17. Bxg5 Qxg5 18. Qxg5 hxg5 19. Re5 Rf6 20. Rae1 Raf8 21.
R1e2 Kh7 22. Rxc5 Kh6 23. Rxc7 a6 24. Rc4 Rb6 25. b4 Rd6 26. Re4 Rf4 27. Rxf4
gxf4 28. a4 g5 29. b5 Kh5 30. bxa6 Rxa6 31. Rxd4 Kh4 32. Kh2 Kh5 33. Rb4 Re6 34.
Re4 Rb6 35. Rc4 Rb2 36. f3 Ra2 37. d4 Kg6 38. g3 Ra3 39. c3 Ra2+ 40. Kg1 fxg3
41. Rc6+ Kf7 42. Rc7+ Ke6 43. Rg7 Rf2 44. Rxg5 Rxf3 45. Kg2 Rxc3 46. Rxg3 Rc4
47. Rg4 Kf5 48. d5 Rc5 49. d6 Rd5 50. Kg3 Rxd6 51. Rf4+ Kg5 52. h4+ Kg6 53. Kg4
Rd5 54. Rb4 Ra5 55. Rf4 Re5 56. Kf3 Kh5 57. Rg4 Rf5+ 58. Rf4 Ra5 59. Ke3 Re5+
60. Kd3 Ra5 61. Kc3 Rd5 62. Kc4 Ra5 63. Kb4 Ra7 64. Kb5 Rb7+ 65. Kc5 Rb8 66. Kc6
Rc8+ 67. Kb7 Rc5 68. Rb4 Rc3 69. a5 Rc5 70. a6 Re5 71. a7 Re7+ 72. Ka6 Re6+ 73.
Rb6 Re4 74. a8=Q Ra4+ 75. Kb7 Rxa8 76. Kxa8 Kxh4 77. Rg6 Kh5 78. Rg1 Kh4 79. Kb7
Kh3 80. Kc6 Kh2 81. Rg8 Kh3 82. Kd6 Kh4 83. Ke6 Kh5 84. Kf5 Kh4 85. Kf4 Kh5 86.
Kf5 Kh4 87. Rg5 Kh3 88. Kf4 Kh4 89. Rg8 Kh5 90. Kf5 Kh4 91. Rg1 Kh5 92. Rh1#
{Black checkmated} 1-0

[Event "Team 45 45 League T44"]
[Site "Internet Chess Club"]
[Date "2010.02.08"]
[Round "1"]
[White "taldeital"]
[Black "milesotoole"]
[Result "1-0"]
[WhiteElo "1312"]
[BlackElo "1372"]
[Opening "Queen's pawn: Torre attack"]
[ECO "A46"]
[Time "12:08:52"]
[TimeControl "2700+45"]

1. d4 Nf6 2. Nf3 e6 3. Bg5 h6 4. Bh4 c5 5. c3 cxd4 6. Nxd4 Be7 7. Bg3 O-O 8. Nb5
Qb6 9. Nc7 Qxb2 10. Nd2 Qxc3 11. Rc1 Qa5 12. Nxa8 Qxa2 13. Bxb8 b6 14. Be5 Ng4
15. Bc3 Bb7 16. Nc7 Bh4 17. g3 Bxg3 18. hxg3 Bxh1 19. Ra1 Nxf2 20. Kxf2 {Black
resigns} 1-0